AoeStats
← daitoudaguo

Nomad

510560952Analyzed
4v4 RM · 14h ago on Oct 1, 2026· 12m 13s· 8 players
Game mode
Random Map
Map size
231×231
Population
200
Speed
Normal
Resources
Standard
Victory
Conquest
Starting age
Dark Age
Ending age
Imperial Age
RankedLock teamsTeams togetherTeam positionsShared explorationLock speedFull tech treeHidden civsTurbo modeCheats
Victory
Defeat
🇧🇷 Lithuanians · Brazil
1233
+19
🇦🇷 Danes · Argentina
1221
+20
🇫🇷 Poles · France
1182
+21
🇨🇳 Dravidians · China
1170
+22
🇨🇳 Khmer · China
1368
-22
🇸🇬 Mongols · Singapore
1302
-21
🇨🇳 Franks · China
1282
-20
🇹🇼 Inca · Taiwan
1254
-19
Liam
5:05 Loom
8316699
6:08 Loom
12:43 Feudal Age
missed and miss
5:09 Loom
14:05 Feudal Age
用爱感化队友
6:33 Loom
La Teigne
13:29 Feudal Age
cesarmmartins
8:41 Loom
14:06 Feudal Age
daitoudaguo
3:44 Loom
Amante Peludo
9:52 Loom
14:08 Feudal Age
Connection lost

Rejoining the realm…

Still unreachable

The connection could not be restored.

Session expired

The server has moved on; the page needs a fresh start.